 Dungeon Crawl Stone Soup version 0.30-b1-2-g02819fbbbe (webtiles) character file.

Game seed: 11874884520331969328

64809 Anothat the Peltast (level 15, 0/132 HPs)
             Began as a Formicid Fighter on May 10, 2023.
             Was a Priest of Ru.
             Slain by a komodo dragon (10 damage)
             ... on level 12 of the Dungeon.
             The game lasted 00:41:20 (19963 turns).

Anothat the Peltast (Formicid Fighter)             Turns: 19963, Time: 00:41:20

Health: 0/132      AC: 24    Str: 33    XL:     15   Next: 55%
Magic:  15/15      EV:  6    Int:  9    God:    Ru [***...]
Gold:   741        SH: 13    Dex: 11    Spells: 14/14 levels left

rFire   + . .        a - +1 war axe (vamp)
rCold   + + .        H - +0 kite shield
rNeg    . . .        d - +2 gold dragon scales
rPois   +            (helmet unavailable)
rElec   .            (no cloak)
rCorr   .            y - +0 pair of gloves
SInv    +            w - +0 pair of boots
Will    +....        s - amulet of regeneration Stlth
                     K - +6 ring of strength
HPRegen 1.22/turn    T - ring of protection from cold
MPRegen 0.14/turn

%: no passive effects
@: exhausted, studying Stealth, invisible
A: permanent stasis, dig shafts and tunnels, antennae 3, clumsy 1, no stealth,
hated by all, disrupted magic 1, four strong arms
a: Dig, Shaft Self, Renounce Religion, Draw Out Power


You were on level 12 of the Dungeon.
You worshipped Ru.
Ru was most pleased with you.
You visited 3 branches of the dungeon, and saw 19 of its levels.
You also visited: Ice Cave.

You collected 1953 gold pieces.
You spent 1212 gold pieces at shops.

Inventory:

Hand Weapons
 a - a +1 vampiric war axe (weapon)
 x - a +1 dire flail of protection
 E - a +0 giant club
 M - a +5 hand axe
 N - a +0 battleaxe of freezing
Missiles
 h - 2 throwing nets
Armour
 b - the +5 steam dragon scales of the Inquisitive Hosts {*Corrode rPois rF+ Dex+9}
   (You found it in an ice cave)

   Dex:       It affects your dexterity (+9).
   rF:        It protects you from fire.
   rPois:     It protects you from poison.
   *Corrode:  It may corrode you when you take damage.
 c - a +1 buckler
 d - +2 gold dragon scales (worn)
 o - a scarf of harm
 w - a +0 pair of boots (worn)
 y - a +0 pair of gloves (worn)
 C - a +0 plate armour
 H - a +0 kite shield (worn)
 Q - a +3 plate armour of cold resistance
 V - the +4 skin of Zhor {*Englaciate rC+++ SInv}
   (You found it in an ice cave)

   *Englaciate: It radiates cold, occasionally slowing all nearby creatures who
   are not resistant to cold.
   rC:        It renders you almost immune to cold.
   SInv:      It lets you see invisible.
 Z - a +1 pair of boots of stealth
Jewellery
 f - an amulet of the acrobat
 g - a ring of poison resistance
 s - an amulet of regeneration (around neck)
 J - an amulet of guardian spirit
 K - a +6 ring of strength (left hand)
 T - a ring of protection from cold (right hand)
 U - a +6 ring of dexterity
 X - a +6 ring of strength
Wands
 p - a wand of iceblast (7)
 v - a wand of mindburst (14)
 G - a wand of light (11)
 I - a wand of polymorph (15)
 O - a wand of flame (21)
Scrolls
 i - 4 scrolls of vulnerability
 j - 2 scrolls of amnesia
 k - a scroll of fear
 q - a scroll of fog
 z - 3 scrolls of identify
 A - 4 scrolls of enchant weapon
 L - 6 scrolls of magic mapping
 S - 5 scrolls of poison
Potions
 e - a potion of flight
 l - 2 potions of curing
 m - 6 potions of mutation
 n - 4 potions of haste
 r - 3 potions of lignification
 t - 2 potions of magic
 B - 4 potions of resistance
 F - 3 potions of cancellation
 P - a potion of brilliance
 W - 2 potions of attraction
 Y - 2 potions of degeneration


   Skills:
 * Level 16.3 Fighting
 + Level 13.8 Axes
 + Level 13.2 Armour
 + Level 16.9 Shields


You had 14 spell levels left.
You didn't know any spells.
Your spell library contained the following spells:

 Spells                   Type           Power      Damage    Failure   Level
 Kiss of Death            Conj/Necr      0%         2d5       100%        1
 Magic Dart               Conj           0%         1d3       100%        1
 Sting                    Tmut/Pois      0%         1d3       100%        1
 Lesser Beckoning         Tloc           0%         N/A       100%        2
 Poisonous Vapours        Pois/Air       0%         N/A       100%        2
 Confusing Touch          Hex            0%         N/A       100%        3
 Gell's Gravitas          Tloc           0%         N/A       100%        3
 Mephitic Cloud           Conj/Pois/Air  0%         N/A       100%        3
 Teleport Other           Tloc           0%         N/A       100%        3
 Dispel Undead            Necr           0%         3d6       100%        4
 Olgreb's Toxic Radiance  Pois           0%         N/A       100%        4
 Storm Form               Tmut/Air       0%         N/A       100%        7
 Maxwell's Capacitive Co  Air            0%         ∞         100%        8
 Call Imp                 Summ           Unusable   N/A       N/A         2
 Summon Lightning Spire   Summ/Air       Unusable   N/A       N/A         4

Dungeon Overview and Level Annotations

Branches:
Dungeon (12/15)            Temple (0/1) D:6            Lair (5/5) D:10
  Swamp (0/4) Lair:2        Snake (0/4) Lair:3        Slime (0/5) Lair:4
    Orc (2/2) D:9             Elf (0/3) Orc:2         IceCv (visited)

Altars:
Ashenzari
Cheibriados
Elyvilon
Nemelex Xobeh
Ru
Sif Muna
Trog
Uskayaw

Shops:
D:5 **!!*   D:6 [   Orc:1 *   Orc:2 ?::[

Annotations:
Lair:5 exclusion: obsidian statue


Innate Abilities, Weirdness & Mutations

You cannot be hasted, slowed, berserked, paralysed or teleported.
You can dig through walls and to a lower floor.
You have a pair of large antennae on your head. (SInv)
You are clumsy. (Dex -2)
You cannot be stealthy.
You are hated by all.
Your casting is slightly disrupted.
Your four strong arms can wield two-handed weapons with a shield.


Message History

The boulder beetle begins to attack, but is stunned by your conviction!
Jorgrun begins to cast a spell, but is stunned by your conviction!
You catch the helpless Jorgrun completely off-guard!
You slice Jorgrun!!
You feel better.
Jorgrun is almost dead.
You slash the boulder beetle!
You feel better. You block the boulder beetle's attack.
Jorgrun hits you with a +0 heavy quarterstaff!
* * * LOW HITPOINT WARNING * * *
You hit Jorgrun.
You feel better.
Jorgrun is almost dead.
You hit the komodo dragon but do no damage.
You hit the boulder beetle.
You feel better. You block the boulder beetle's attack.
You barely miss Jorgrun.
Jorgrun is almost dead.
You hit the boulder beetle but do no damage.
You slash the komodo dragon! The komodo dragon closely misses you.
Jorgrun gestures at you while chanting. The iron shot hits you!!
* * * LOW HITPOINT WARNING * * *
You slash Jorgrun!
You feel better.
You kill Jorgrun!
You slash the komodo dragon!
You feel better.
You hit the boulder beetle but do no damage.
You block the komodo dragon's attack.
Your life force feels restored.
You hit the komodo dragon but do no damage.
The komodo dragon is heavily wounded.
You block the komodo dragon's attack.
You slash the komodo dragon!
You feel better.
The komodo dragon is severely wounded.
The komodo dragon bites you!!
* * * LOW HITPOINT WARNING * * *
You catch the helpless komodo dragon completely off-guard!
You hit the komodo dragon but do no damage.
The komodo dragon is severely wounded.
The komodo dragon hisses menacingly.
The komodo dragon bites you!
You die...

#....###### #........#
#....# #........# #....#
#.#........# ####.#
#.#......### #.#
#.#......# #.#
#.#......# #####.#
#.#......# #.....######
#.#......# #....<.....#
#.#@######
#..........###.)Bl).....
#.?.....................
#.................).....
###.....................
#...........####......
#..........# #.....
##.........# .....
#.........# ..


You could see a boulder beetle (unable to see you) and a komodo dragon (blind).

Vanquished Creatures
  Jorgrun (D:12)
  A frost giant (IceCv)
  3 dire elephants (Lair:5)
  Snorg (Lair:3)
  2 hydras
  A ghost crab (Lair:2)
  3 two-headed ogres
  2 boulder beetles (D:11)
  7 death yaks
  An orc high priest (Orc:2)
  A fire crab (Lair:5)
  Amaemon (D:8)
  A spectral death yak (Lair:5)
  3 skysharks
  A spectral anaconda (Lair:5)
  Pikel (D:6)
  4 necromancers (Lair:5)
  An orc knight (Orc:2)
  4 orc sorcerers (Orc:2)
  2 cyclopes (D:11)
  A dire elephant zombie (Lair:5)
  Maurice (D:10)
  An ice statue (IceCv)
  21 elephants
  5 black mambas
  A torpor snail (Lair:5)
  A gargoyle (D:12)
  8 cane toads
  12 rime drakes
  2 kobold demonologists
  An orange demon (D:8)
  5 komodo dragons
  2 unseen horrors (D:11)
  An unseen horror zombie (D:9)
  4 trolls (Orc:2)
  6 polar bears
  3 hornets
  5 dream sheep (Lair:3)
  6 blink frogs
  Prince Ribbit (D:7)
  Sigmund (D:2)
  A shadow (D:12)
  6 wraiths
  4 fire bats (Lair:1)
  3 wyverns
  18 yaks
  Grum (Lair:1)
  A steam dragon (Lair:1)
  A death yak simulacrum (Lair:5)
  3 basilisks
  4 vampire mosquitoes
  3 nagas (Lair:3)
  2 wargs
  Edmund (D:4)
  2 spectral cane toads
  An acid dragon (D:10)
  22 orc warriors
  11 water moccasins
  2 sky beasts
  4 black bears
  An elephant zombie (Lair:5)
  7 ogres
  9 wolves
  7 centaurs
  A lemure (D:6)
  2 phantoms (D:6)
  A spectral basilisk (Lair:2)
  2 kobold brigands
  16 bullfrogs
  2 gnoll sergeants (D:10)
  2 spectral water moccasins (Lair:2)
  2 scorpions
  A cane toad simulacrum (Lair:4)
  13 wights
  6 killer bees (D:9)
  2 elephant simulacra
  7 howler monkeys
  5 centaur zombies (D:9)
  2 gnoll boudas (Orc:2)
  4 hounds
  2 jellies
  16 orc priests
  2 iguanas
  2 sleepcaps
  Natasha (thrice) (D:3)
  31 orc wizards
  2 wolf simulacra (Lair:4)
  Robin (D:2)
  2 howler monkey zombies (D:9)
  An adder (D:2)
  22 gnolls
  2 shadow imps (D:8)
  3 ufetubi
  3 worms
  2 dart slugs (D:1)
  86 orcs
  7 ball pythons
  9 endoplasms
  4 giant cockroaches
  15 goblins
  11 hobgoblins
  2 jackals (D:3)
  3 quokkas
  5 bats
  5 frilled lizards
  10 kobolds
  7 rats
569 creatures vanquished.

Vanquished Creatures (others)
  Josephine (D:10)
  A hydra (Lair:4)
  A gargoyle (D:12)
  An unseen horror zombie (D:9)
  A spectral elephant (Lair:5)
  A yak (IceCv)
  A basilisk (Lair:1)
  An orc priest (Orc:2)
  An orc wizard (Orc:2)
  An orc (D:10)
  3 demonic plants (D:8)
  23 fungi
  13 plants
  22 withered plants
71 creatures vanquished.

Grand Total: 640 creatures vanquished

Notes
Turn   | Place    | Note
-------+----------+-------------------------------------------
     0 | D:1      | Anothat the Formicid Fighter began the quest for the Orb.
     0 | D:1      | Reached XP level 1. HP: 18/18 MP: 1/1
    77 | D:1      | Reached XP level 2. HP: 23/24 MP: 2/2
   331 | D:1      | Reached XP level 3. HP: 29/29 MP: 3/3
   682 | D:2      | Noticed Robin
   713 | D:2      | Killed Robin
   714 | D:2      | Reached XP level 4. HP: 26/37 MP: 4/4
   763 | D:2      | Noticed Sigmund
   771 | D:2      | Killed Sigmund
   772 | D:2      | Reached skill level 5 in Shields
   772 | D:2      | Reached XP level 5. HP: 27/42 MP: 5/5
   772 | D:2      | Reached XP level 6. HP: 31/48 MP: 6/6
  1987 | D:3      | Noticed Natasha
  2001 | D:3      | Killed Natasha
  2375 | D:3      | Noticed Natasha
  2387 | D:3      | Killed Natasha
  2526 | D:3      | Noticed Natasha
  2533 | D:3      | Killed Natasha
  2534 | D:3      | Reached XP level 7. HP: 55/55 MP: 7/7
  2995 | D:4      | Reached skill level 5 in Axes
  3444 | D:4      | Noticed Edmund
  3458 | D:4      | Killed Edmund
  3459 | D:4      | Reached skill level 5 in Fighting
  3459 | D:4      | Reached skill level 5 in Armour
  3676 | D:5      | Entered Level 5 of the Dungeon
  3744 | D:5      | Reached XP level 8. HP: 22/62 MP: 8/8
  3998 | D:5      | Found Cassuary's Assorted Antiques.
  4002 | D:5      | Found Koipla's Distillery.
  4002 | D:5      | Found Rima's General Store.
  4003 | D:5      | Found Erise Fuxt's Distillery.
  4040 | D:5      | Bought a potion of heal wounds for 55 gold pieces
  4087 | D:5      | Found a white marble altar of Elyvilon.
  4087 | D:5      | Found a broken altar of Ashenzari.
  4092 | D:5      | Found a sacrificial altar of Ru.
  4179 | D:5      | Became a worshipper of Ru the Awakened
  4298 | D:5      | Found Goixialo's General Store.
  4464 | D:5      | Found a sparkling altar of Nemelex Xobeh.
  4814 | D:6      | Found Kaugruib's Antique Armour Shop.
  4826 | D:6      | Bought a kite shield for 117 gold pieces
  4860 | D:6      | Noticed Pikel
  4879 | D:6      | Killed Pikel
  4880 | D:6      | Reached XP level 9. HP: 70/70 MP: 9/9
  4940 | D:6      | Found a blossoming altar of Fedhas.
  5145 | D:6      | Found a staircase to the Ecumenical Temple.
  5610 | D:6      | Gained mutation: You are hated by all. [Ru sacrifice]
  5610 | D:6      | Reached * piety under Ru
  5610 | D:6      | Reached ** piety under Ru
  5711 | D:7      | Noticed Prince Ribbit
  5909 | D:7      | Killed Prince Ribbit
  6203 | D:7      | Found a bloodstained altar of Trog.
  6501 | D:8      | Reached XP level 10. HP: 74/79 MP: 10/10
  6729 | D:8      | Reached skill level 10 in Shields
  7062 | D:8      | Noticed Amaemon
  7064 | D:8      | Noticed an orange demon
  7072 | D:8      | Killed Amaemon
  7074 | D:8      | Killed an orange demon
  7244 | D:8      | Noticed a +0 hand axe
  7245 | D:8      | Noticed a +0 dagger
  7249 | D:8      | Found a hide-covered altar of Uskayaw.
  7579 | D:9      | You fall into a shaft and drop 3 floors!
  7726 | D:11     | Noticed an unseen horror
  7735 | D:11     | Killed an unseen horror
  7760 | D:11     | Gained mutation: Your casting is slightly disrupted. [Ru
                  | sacrifice]
  7802 | D:11     | Noticed a boulder beetle
  7844 | D:11     | Killed a boulder beetle
  7845 | D:11     | Reached XP level 11. HP: 56/86 MP: 11/11
  8122 | D:10     | Entered Level 10 of the Dungeon
  8172 | D:9      | Reached skill level 10 in Axes
  8248 | D:9      | Found a staircase to the Orcish Mines.
  9086 | D:9      | Found a snail-covered altar of Cheibriados.
  9142 | D:9      | Found a shimmering blue altar of Sif Muna.
  9567 | D:10     | Noticed a two-headed ogre
  9578 | D:10     | Killed a two-headed ogre
  9889 | D:10     | Noticed Maurice
  9912 | D:10     | Killed Maurice
  9983 | D:10     | Noticed Josephine
 10013 | D:10     | Killed Josephine
 10014 | D:10     | Reached XP level 12. HP: 39/96 MP: 12/12
 10017 | D:10     | Gained mutation: You cannot be stealthy. [Ru sacrifice]
 10017 | D:10     | Reached *** piety under Ru
 10188 | D:10     | Found a staircase to the Lair.
 10404 | Lair:1   | Entered Level 1 of the Lair of Beasts
 10466 | Lair:1   | Noticed Grum
 10478 | Lair:1   | Reached skill level 10 in Fighting
 10494 | Lair:1   | Killed Grum
 11359 | Lair:2   | Reached skill level 10 in Armour
 12162 | Lair:2   | Noticed a skyshark
 12169 | Lair:2   | Killed a skyshark
 12243 | Lair:2   | Found a staircase to the Swamp.
 12243 | Lair:2   | Noticed a ghost crab
 12266 | Lair:2   | Killed a ghost crab
 12267 | Lair:2   | Reached XP level 13. HP: 51/100 MP: 13/13
 12811 | Lair:3   | Noticed a seven-headed hydra
 12850 | Lair:3   | Killed a seven-headed hydra
 12869 | Lair:3   | Noticed Snorg
 12875 | Lair:3   | Killed Snorg
 13100 | Lair:3   | Found a staircase to the Snake Pit.
 13456 | Lair:4   | Found a frozen archway.
 13503 | IceCv    | Entered an ice cave
 13843 | IceCv    | Reached skill level 15 in Shields
 14284 | IceCv    | Reached XP level 14. HP: 110/111 MP: 14/14
 14507 | IceCv    | Noticed a frost giant
 14542 | IceCv    | Killed a frost giant
 14610 | IceCv    | Found the +4 skin of Zhor {*Englaciate rC+++ SInv}
 14627 | IceCv    | Identified the +5 steam dragon scales of the Inquisitive
                  | Hosts {*Corrode rPois rF+ Dex+9}
 15034 | Lair:4   | Found a staircase to the Slime Pits.
 15461 | Lair:5   | Entered Level 5 of the Lair of Beasts
 15574 | Lair:5   | Gained mutation: You are clumsy. (Dex -2) [Ru sacrifice]
 16292 | Lair:5   | Noticed a dire elephant
 16292 | Lair:5   | Noticed a dire elephant
 16292 | Lair:5   | Noticed a dire elephant
 16580 | Lair:5   | Reached skill level 15 in Fighting
 17007 | Lair:5   | Killed a dire elephant
 17019 | Lair:5   | Killed a dire elephant
 17032 | Lair:5   | Killed a dire elephant
 17040 | Lair:5   | Reached XP level 15. HP: 67/126 MP: 15/15
 17496 | Orc:1    | Entered Level 1 of the Orcish Mines
 17560 | Orc:1    | Found Gisiur's Goods Gallery.
 17576 | Orc:1    | Bought +0 gold dragon scales for 1040 gold pieces
 17983 | Orc:2    | Entered Level 2 of the Orcish Mines
 17983 | Orc:2    | Found a staircase to the Elven Halls.
 18242 | Orc:2    | Found Yhes's Armour Boutique.
 18242 | Orc:2    | Found Veyvaik's Book Boutique.
 18243 | Orc:2    | Found Esearaez's Magic Scroll Shop.
 18247 | Orc:2    | Found Agozoseo's Book Shop.
 19927 | D:12     | Noticed Jorgrun
 19955 | D:12     | HP: 3/125 [boulder beetle (38)]
 19960 | D:12     | Killed Jorgrun
 19963 | D:12     | Slain by a komodo dragon

Illustrated notes

Levels and vault maps discovered:
D:1:      minmay_arrival_semitransparent, layout_basic, minmay_pentomino_x2
D:2:      layout_basic, uniq_sigmund, uniq_robin
D:3:      layout_basic, uniq_natasha
D:4:      layout_loops_ring, hangedman_decor_peaks_small,
          nicolae_underground_beach, uniq_edmund
D:5:      layout_cave_pools, nemelex_dance_club_becter, minitemple,
          serial_shops, shop, minmay_shop_grid_forest, minmay_misc_feat_cross
D:6:      layout_basic, mainiacjoe_overflow_catwalk,
          minmay_temple_entry_from_below_a, serial_shops, shop, uniq_pikel
D:7:      layout_cave_pools, mainiacjoe_overflow_alcove_2, trog_hazing_becter,
          uniq_prince_ribbit1
D:8:      layout_cave_pools, dancing_weapons_uskayaw, serial_demonic,
          serial_demonic_b, serial_demonic_g, serial_demonic_b,
          serial_demonic_b, serial_demonic_e, minmay_splitting_lines,
          uniq_amaemon
D:9:      layout_loops_ring, chei_slow_surprise, lemuel_blue_sif_altar,
          hiddenorc2_lemuel, serial_undead, serial_undead_e, serial_undead_c,
          serial_undead_e, serial_undead_b, serial_undead_a, serial_undead_e
D:10:     layout_roguey, david_lair_generic, minmay_diced_spiral,
          uniq_josephine, uniq_maurice
D:11:     layout_loops_corners
D:12:     layout_irregular_city, st_stairs_5, uniq_jorgrun
Lair:1:   layout_gridlike, grunt_megastairs_5, uniq_grum
Lair:2:   layout_cave_pods, nicolae_swamp_entry_spooky, st_stairs_13,
          grunt_megastairs_3, serial_bayou_shore_a
Lair:3:   layout_chaotic_city, nicolae_snake_entry_squirm, grunt_megastairs_2,
          uniq_snorg
Lair:4:   layout_misc_corridors, nicolae_slime_entry_slimehenge,
          portal_ice_cave_entry_ice_simulacra, minmay_hedge_maze
Lair:5:   due_jungle_book, layout_misc_corridors
Orc:1:    layout_caves, serial_shops, nicolae_alphabet_shops
Orc:2:    st_orc_mages, layout_caves

Skill      XL: |  1  2  3  4  5  6  7  8  9 10 11 12 13 14 15 |
---------------+----------------------------------------------+-----
Axes           | 4 5 7 8 9 10 11 12 13 | 13.8
Fighting       | 4 5 6 7 8 9 11 13 15 16 | 16.3
Armour         | 4 5 6 7 8 9 10 11 12 13 | 13.2
Shields        | 5 6 8 9 11 13 14 15 16 | 16.9

Action                     |  1- 3 |  4- 6 |  7- 9 | 10-12 | 13-15 || total
---------------------------+-------+-------+-------+-------+-------++-------
  Melee: War axe           |    98 |   107 |   220 |   720 |   989 ||  2134
         Hand axe          |       |       |       |    16 |       ||    16
         Dire flail        |       |       |       |       |    27 ||    27
         Battleaxe         |       |       |       |       |   175 ||   175
 Invoke: Sacrifice Love    |       |       |     1 |       |       ||     1
         Sacrifice Essence |       |       |       |     1 |       ||     1
         Sacrifice Stealth |       |       |       |     1 |       ||     1
         Draw Out Power    |       |       |       |       |     4 ||     4
         Reject Sacrifices |       |       |       |       |     2 ||     2
         Sacrifice Purity  |       |       |       |       |     1 ||     1
Ability: Dig               |       |     1 |       |       |    13 ||    14
  Evoke: Wand              |       |       |     3 |    18 |     1 ||    22
    Use: Potion            |     3 |     1 |     5 |     8 |     8 ||    25
         Scroll            |       |     9 |     5 |     6 |     6 ||    26
   Stab: Invisible         |       |       |       |     3 |    16 ||    19
         Distracted        |       |       |       |     2 |     2 ||     4
         Paralysed         |       |       |       |       |     1 ||     1
 Armour: Scale mail        |    40 |    42 |    10 |       |       ||    92
         Chain mail        |       |       |    12 |       |       ||    12
         Plate armour      |       |       |   100 |   329 |   339 ||   768
         Skin              |       |       |     4 |       |       ||     4
         Gold dragon scale |       |       |       |       |   151 ||   151
  Dodge: Dodged            |    63 |    47 |    62 |   165 |   265 ||   602
  Block: Buckler           |    20 |    33 |    29 |       |       ||    82
         Kite shield       |       |       |    72 |   416 |   661 ||  1149
